 Dungeon Crawl Stone Soup version 0.28-a0-1447-ga5a8893891 (webtiles) character file.

Game seed: 11898852085160956525

2 riojii the Caller (level 1, 6/11 HPs)
             Began as an Octopode Summoner on Jan 12, 2022.
             Quit the game on level 1 of the Dungeon.
             The game lasted 00:00:22 (45 turns).

riojii the Caller (Octopode Summoner)                 Turns: 45, Time: 00:00:23

Health: 6/11       AC:  1    Str:  7    XL:     1   Next: 30%
Magic:  1/3        EV: 13    Int: 17    God:
Gold:   9          SH:  0    Dex: 12    Spells: 3/4 levels left

rFire   . . .      SeeInvis .   (no weapon)
rCold   . . .      Faith    .   (no shield)
rNeg    . . .      Spirit   .   (helmet restricted)
rPois   .          Reflect  .   (no amulet)
rElec   .          Harm     .   (no ring)
rCorr   .          Rampage  .   (no ring)
Will    .....                   (no ring)
Stlth   +++.......              (no ring)
HPRegen 0.03/turn               (no ring)
MPRegen 0.08/turn               (no ring)
                                (no ring)
                                (no ring)

@: no status effects
A: almost no armour, amphibious, 8 rings, camouflage 1, gelatinous body 1,
(nimble swimmer 1), tentacles
a: no special abilities


You were on level 1 of the Dungeon.
You visited 1 branch of the dungeon, and saw 1 of its levels.

You collected 9 gold pieces.

Inventory:

Scrolls
 a - a scroll of identify {unknown}


   Skills:
 + Level 2.0 Dodging
 + Level 2.7 Stealth
 + Level 2.0 Spellcasting
 + Level 4.0 Summonings


You had 3 spell levels left.
You knew the following spells:

 Your Spells              Type           Power      Damage    Failure   Level
a - Summon Small Mammal   Summ           60%        N/A       3%          1

Your spell library contained the following spells:

 Spells                   Type           Power      Damage    Failure   Level
 Call Imp                 Summ           15%        N/A       5%          2
 Call Canine Familiar     Summ           15%        N/A       11%         3
 Summon Guardian Golem    Hex/Summ       8%         N/A       26%         3
 Summon Lightning Spire   Summ/Air       8%         N/A       63%         4


Dungeon Overview and Level Annotations

Branches:
Dungeon (1/15)

Altars:


Innate Abilities, Weirdness & Mutations

You cannot wear most types of armour.
You are amphibious.
You can wear up to eight rings at the same time.
Your skin changes colour to match your surroundings (Stealth+).
Your rubbery body absorbs attacks. (AC +1, EV +1)
((You are camouflaged when in or above water. (Stealth+)))
You have tentacles for arms and can constrict up to eight enemies at once.


Message History

The kobold throws a stone.
The stone misses you.
The stone hits your bat but does no damage.
You swap places.
Your bat hits the kobold.
The kobold hits your bat with a +0 whip.
Your bat misses the kobold.
The kobold hits your bat with a +0 whip.
Your bat dies!
Your bat's corpse disappears in a puff of smoke!
Casting: Summon Small Mammal (safe; 3% risk of failure)
Confirm with . or Enter, or press ? or * to list all spells.
Your bat closely misses the kobold.
Your bat hits the kobold but does no damage.
Your bat barely misses the kobold.
The kobold closely misses your bat.
Your bat hits the kobold but does no damage.
Your bat hits the kobold but does no damage.
The kobold throws a stone.
The stone hits your bat.
Your bat hits the kobold.
The kobold dies!
Your bat barely misses the rat.
You closely miss the rat. Your grab misses the rat.
Your bat hits the rat but does no damage.
Your bat barely misses the rat.
The rat twitches its whiskers.
The rat closely misses your bat.
You closely miss the rat. You grab the rat.
You constrict the rat, but do no damage.
Your bat hits the rat but does no damage.
Your bat barely misses the rat.
The rat escapes!
Your bat hits the rat.
You tentacle-slap the rat but do no damage.
Your grab misses the rat.
Your bat hits the rat but does no damage.
Your bat barely misses the rat.
The rat misses you.
Your bat hits the rat but does no damage.
The rat bites you but does no damage.
You closely miss the rat. You grab the rat.
The rat is heavily wounded.
You constrict the rat.
You kill the rat!
Your bat misses the rat. The rat closely misses you.
Are you sure you want to abandon this character and quit the game? (Confirm with "yes".)

.###. ### ### ..... ...
####..## ##...###r. ......#
######### G#..w#G#.#
#....###...8...## ##...###.#
#....##..8.<.8..# .........#
#....#8.........8# ..._.....#
#.......8..(..8... .........#
#....#8.........8#
##...###.#####@b^.##..8...8..##
G#...#G#..†.wr†b..###...8...##
##...###..####....# #########
..........# ##..## ###.......#
#### #########


You could see a dart slug, a rat (ally target) and 2 friendly bats.

Vanquished Creatures
  2 rats (D:1)
2 creatures vanquished.

Vanquished Creatures (collateral kills)
  A kobold (D:1)
1 creature vanquished.

Grand Total: 3 creatures vanquished

Notes
Turn   | Place    | Note
-------+----------+-------------------------------------------
     0 | D:1      | riojii the Octopode Summoner began the quest for the Orb.
     0 | D:1      | Reached XP level 1. HP: 11/11 MP: 3/3
    21 | D:1      | Noticed a great orb of eyes
    22 | D:1      | Found a faded altar of an unknown god.
    23 | D:1      | Noticed a golden eye
    23 | D:1      | Noticed an eye of devastation
    23 | D:1      | Noticed a floating eye
    45 | D:1      | Quit the game

Illustrated notes

Levels and vault maps discovered:
D:1:      erik_arrival_orb_chamber, layout_basic,
          hellmonk_ecumenical_altar_watching_god, serial_shops,
          nicolae_shop_trees

Action                   || total
-------------------------++-------
Melee: Unarmed           ||     7
       Constrict         ||     3
 Cast: Summon Small Mamm ||     3
 Stab: Sleeping          ||     1
Armor: Skin              ||     1
Dodge: Dodged            ||     5

Table legend: (Time is in decaauts)
 A = Elapsed time spent in this place.
 B = Non-inter-level travel time spent in this place.
 C = Inter-level travel time spent in this place.
 D = Time resting spent in this place.
 E = Time spent auto-exploring this place.
 F = Levels seen in this place.
 G = Mean time per level.
                   A        B        C        D        E       F      G
               +--------+--------+--------+--------+--------+-----+--------+
         Total |     45 |     45 |      0 |      0 |     10 |   1 |   45.0 |
       Dungeon |     45 |     45 |      0 |      0 |     10 |   1 |   45.0 |
               +--------+--------+--------+--------+--------+-----+--------+

Top non-repeatable levels by time:
     D:1: 45 daAuts
